 Dungeon Crawl Stone Soup version 0.31-a0-263-ge8cad7f256 (webtiles) character file.

Game seed: 2006339499007850546

742 qw the Shooter (level 7, -5/44 HPs)
             Began as a Gargoyle Hexslinger on July 13, 2023.
             Slain by an iguana (11 damage)
             ... on level 5 of the Dungeon.
             The game lasted 00:01:37 (4628 turns).

qw the Shooter (Gargoyle Hexslinger)                Turns: 4628, Time: 00:01:38

Health: -5/44      AC: 14    Str: 11    XL:     7   Next: 76%
Magic:  8/8        EV: 10    Int: 14    God:
Gold:   35         SH:  0    Dex: 14    Spells: 7/8 levels left

rFire   . . .        j - +4 orcbow (freeze)
rCold   . . .        (shield currently unavailable)
rNeg    + . .        i - +0 ring mail
rPois   inf          (no helmet)
rElec   +            c - +1 cloak
rCorr   .            k - +0 pair of gloves
SInv    .            b - +0 pair of boots
Will    .....        (no amulet)
Stlth   +            (no ring)
HPRegen 0.27/turn    (no ring)
MPRegen 0.11/turn

%: no passive effects
@: no status effects
A: sickness immunity, AC +4, negative energy resistance 1, electricity
resistance, torment resistance 1, petrification resistance
a: no special abilities


You were on level 5 of the Dungeon.
You visited 2 branches of the dungeon, and saw 6 of its levels.

You collected 327 gold pieces.
You spent 292 gold pieces at shops.


Innate Abilities, Weirdness & Mutations

You are immune to sickness and miasma.
Your stone body is resilient. (AC +4)
You are immune to poison.
You resist negative energy. (rN+)
You are resistant to electric shocks. (rElec)
You are resistant to unholy torment.
You are immune to petrification.


   Skills:
 - Level 5.0 Fighting
 + Level 6.8 Ranged Weapons
 - Level 2.3 Armour
 - Level 1.5 Dodging
 - Level 1.0 Spellcasting
 - Level 2.6 Hexes


You had 7 spell levels left.
You knew the following spells:

 Your Spells              Type           Power      Damage    Failure   Level
a - Slow                  Hex            32%        N/A       21%         1

Your spell library contained the following spells:

 Spells                   Type           Power      Damage    Failure   Level
 Inner Flame              Hex/Fire       4%         N/A       71%         3
 Portal Projectile        Hex/Tloc       8%         N/A       71%         3
 Cause Fear               Hex            4%         N/A       90%         4

Inventory:

Hand Weapons
 j - a +4 orcbow of freezing (weapon)
Armour
 b - a +0 pair of boots (worn)
 c - a +1 cloak (worn)
 i - a +0 ring mail (worn)
 k - a +0 pair of gloves (worn)
Scrolls
 h - a scroll of identify
 m - a scroll of acquirement {unknown}
Potions
 a - a potion of enlightenment
 d - a potion of haste
 e - a potion of mutation {unknown}
 f - a potion of degeneration {unknown}
 g - 3 potions of heal wounds
 l - a potion of ambrosia {unknown}
 n - a potion of curing

Dungeon Overview and Level Annotations

Branches:
Dungeon (5/15)             Temple (1/1) D:4

Altars:
Ashenzari
Dithmenos
Elyvilon
Fedhas
Hepliaklqana
Kikubaaqudgha
Nemelex Xobeh
Qazlal
Sif Muna
Trog
Uskayaw
Vehumet
Wu Jian
Xom
Yredelemnul
Zin
The Shining One

Shops:
D:5 ![(

Annotations:
D:5 Duvessa


Message History

Dowan points at you and mumbles some strange words.
The puff of frost hits you but does no damage.
You shoot an arrow. The arrow closely misses Dowan.
The iguana bites you. Dowan barely misses you.
Duvessa hits you but does no damage. Duvessa barely misses you.
Dowan hits you but does no damage.
The iguana bites you but does no damage.
You shoot an arrow. The arrow closely misses Dowan.
Duvessa hits you with a +4 short sword of speed.
The iguana bites you but does no damage.
Dowan misses you.
Duvessa hits you with a +4 short sword of speed.
You shoot an arrow. The arrow hits Dowan!
The arrow freezes Dowan.
Dowan is severely wounded.
The iguana bites you. Dowan casts a spell at you. You resist with some effort.
Duvessa hits you with a +4 short sword of speed!
Duvessa barely misses you.
You shoot an arrow. The arrow hits Dowan!
The arrow freezes Dowan.
You kill Dowan!
Duvessa weeps, and shakes her weapon.
Duvessa goes berserk!
Duvessa barely misses you.
The iguana bites you but does no damage.
Duvessa barely misses you.
The iguana bites you but does no damage.
Duvessa hits you with a +4 short sword of speed!
You shoot an arrow. The arrow hits Duvessa!
The arrow freezes Duvessa!
Duvessa is severely wounded.
Duvessa hits you with a +4 short sword of speed. x2
The iguana bites you! Duvessa hits you but does no damage.
4627 ||| DRINKING 4 potions of heal wounds.
You feel much better.
Duvessa hits you with a +4 short sword of speed!
The iguana bites you. Duvessa closely misses you.
You shoot an arrow. The arrow barely misses Duvessa.
Duvessa hits you with a +4 short sword of speed. x2
The iguana bites you!
You die...

##########
.........#
.#######.# .# #.#
.# #####.#########
.#
#..........##.##
.#
#.###.####.#.@l#.#
.# #.# #.#
#...e)..#
.###.###.#
#..........#
.........#
####.##.####
####.##### #.# .#
#.# #.# . ##.##
#'# # ##...## ...
#)###.#


You could see Duvessa (berserk) and an iguana.

Vanquished Creatures
  Edmund (D:5)
  An ice beast (D:4)
  An ogre (D:5)
  A scorpion (D:3)
  Dowan (D:5)
  A hound (D:4)
  2 jellies
  A gnoll bouda (D:5)
  A sleepcap (D:4)
  An iguana (D:5)
  An adder (D:2)
  5 gnolls
  An ufetubus (D:5)
  2 worms
  4 dart slugs
  5 orcs
  8 endoplasms
  4 giant cockroaches
  6 goblins
  6 hobgoblins
  2 jackals (D:2)
  4 quokkas
  10 ball pythons
  10 bats
  5 frilled lizards
  5 kobolds
  6 rats
95 creatures vanquished.

Notes
Turn   | Place    | Note
-------+----------+-------------------------------------------
     0 | D:1      | qw the Gargoyle Hexslinger began the quest for the Orb.
     0 | D:1      | Reached XP level 1. HP: 12/12 MP: 2/2
     0 | D:1      | 0 ||| qw: Version: 0.3-a-52-g30416fa
     0 | D:1      | 0 ||| qw: Game counter: 7484
     0 | D:1      | 0 ||| qw: Melee chars always use a shield: true
     0 | D:1      | 0 ||| qw: God list: Okawaru
     0 | D:1      | 0 ||| qw: Allow faded altars: false
     0 | D:1      | 0 ||| qw: Do Orc after clearing Dungeon:15 true
     0 | D:1      | 0 ||| qw: Do second Lair branch before Depths: true
     0 | D:1      | 0 ||| qw: Lair rune preference: random
     0 | D:1      | 0 ||| qw: Goals: Normal
     0 | D:1      | 0 ||| PLANNING D:1-11
    51 | D:1      | HP: 2/12 [gnoll/+0 flail (5)]
    54 | D:1      | Reached skill level 3 in Ranged Weapons
    54 | D:1      | Reached XP level 2. HP: 3/16 MP: 3/3
   580 | D:1      | Reached XP level 3. HP: 21/21 MP: 4/4
   863 | D:1      | 863 ||| UPGRADING to +0 ring mail.
   873 | D:1      | 873 ||| DROPPING +0 robe.
   874 | D:1      | 874 ||| READING scroll labelled BOBREL SOVIZ.
   875 | D:1      | 875 ||| READING scroll labelled MESETUFEXI.
   880 | D:1      | 880 ||| READING 2 scrolls labelled XOODU LABLUIBB.
   881 | D:1      | 881 ||| READING scroll labelled BIDYIXZAENE.
   882 | D:1      | 882 ||| READING scroll labelled EGAOCZ QAILU.
   883 | D:1      | 883 ||| DRINKING 2 golden potions.
   884 | D:1      | 884 ||| DROPPING scroll of poison.
  1296 | D:2      | Reached XP level 4. HP: 21/26 MP: 5/5
  1331 | D:2      | Reached skill level 4 in Ranged Weapons
  1641 | D:3      | Found a stormy altar of Qazlal.
  1697 | D:3      | Found an ancient bone altar of Kikubaaqudgha.
  1701 | D:3      | Found a sparkling altar of Nemelex Xobeh.
  1705 | D:3      | Found an ornate altar of the Wu Jian Council.
  1791 | D:3      | Reached skill level 1 in Armour
  1975 | D:3      | Reached XP level 5. HP: 30/30 MP: 6/6
  2090 | D:3      | Found a bloodstained altar of Trog.
  2276 | D:3      | 2276 ||| UPGRADING to +0 pair of boots.
  2281 | D:3      | 2281 ||| UPGRADING to +0 pair of gloves.
  2286 | D:3      | 2286 ||| READING scroll labelled YQASKE PAYPS.
  2287 | D:3      | 2287 ||| READING scroll labelled PIMAFU SILOYF.
  2288 | D:3      | 2288 ||| DRINKING 2 metallic pink potions.
  2289 | D:3      | 2289 ||| READING 2 scrolls of identify.
  2289 | D:3      | 2289 ||| IDENTIFYING bubbling ruby potion
  2334 | D:4      | 2334 ||| STAIRDANCE
  2347 | D:3      | Reached skill level 5 in Ranged Weapons
  2488 | D:4      | Noticed an ice beast
  2509 | D:4      | HP: 4/30 [ice beast (6)]
  2510 | D:4      | 2510 ||| DRINKING 3 potions of heal wounds.
  2528 | D:4      | Killed an ice beast
  2529 | D:4      | Reached skill level 3 in Fighting
  2529 | D:4      | Reached XP level 6. HP: 24/37 MP: 7/7
  2601 | D:4      | Found a staircase to the Ecumenical Temple.
  2602 | D:4      | 2602 ||| PLANNING TEMPLE
  2602 | D:4      | 2602 ||| READING scroll labelled CUERAK BUCSA.
  2603 | D:4      | 2603 ||| READING scroll labelled LIEKLY AVUELY.
  2615 | Temple   | Entered the Ecumenical Temple
  2687 | Temple   | 2687 ||| PLANNING D:1-11
  3582 | D:4      | 3582 ||| UPGRADING to +1 cloak.
  3623 | D:5      | Entered Level 5 of the Dungeon
  3626 | D:5      | Noticed Duvessa
  3628 | D:5      | Noticed Dowan
  3640 | D:5      | HP: 9/37 [Duvessa/+4 short sword of speed (4)]
  3641 | D:5      | 3641 ||| READING scroll of teleportation.
  3642 | D:5      | 3642 ||| DRINKING 3 potions of heal wounds.
  3681 | D:5      | Found Qirougagh's Antique Weapon Shoppe.
  3686 | D:5      | 3686 ||| BUYING glowing orcbow (123 gold).
  3686 | D:5      | Bought a glowing orcbow for 123 gold pieces
  3686 | D:5      | 3686 ||| SWAPPING to +4 orcbow of freezing.
  3687 | D:5      | 3687 ||| DROPPING +2 sling.
  3783 | D:5      | Reached skill level 6 in Ranged Weapons
  3907 | D:5      | Reached XP level 7. HP: 41/41 MP: 8/8
  4032 | D:5      | Noticed Edmund
  4041 | D:5      | Killed Edmund
  4202 | D:5      | Found Cyossuin's Distillery.
  4207 | D:5      | 4207 ||| BUYING 2 potions of heal wounds (130 gold).
  4207 | D:5      | Bought 2 potions of heal wounds for 130 gold pieces
  4207 | D:5      | 4207 ||| BUYING potion of curing (39 gold).
  4207 | D:5      | Bought a potion of curing for 39 gold pieces
  4207 | D:5      | 4207 ||| SHOPLISTING potion of haste (130 gold, have 8).
  4207 | D:5      | 4207 ||| SHOPLISTING potion of might (52 gold, have 8).
  4207 | D:5      | 4207 ||| SHOPLISTING potion of mutation (104 gold, have 8).
  4319 | D:5      | Found Dablo's Antique Armour Boutique.
  4327 | D:5      | 4327 ||| SHOPLISTING glowing scarf (160 gold, have 8).
  4327 | D:5      | 4327 ||| SHOPLISTING runed ring mail (140 gold, have 8).
  4625 | D:5      | Killed Dowan
  4626 | D:5      | HP: 9/44 [iguana (8)]
  4627 | D:5      | 4627 ||| DRINKING 4 potions of heal wounds.
  4628 | D:5      | Slain by an iguana

Levels and vault maps discovered:
D:1:      dpeg_arrival_round_a, layout_basic, hangedman_decor_push
D:2:      layout_basic, reono_crystal_passage
D:3:      layout_basic, nicolae_qazlal_scattered_showers, trog_butcher_becter,
          grunt_temple_overflow_diamond, nicolae_titane
D:4:      layout_layer_cave, minmay_temple_entry_sparse_star,
          minmay_close_crescents
D:5:      layout_loops_corners, serial_shops, nicolae_shop_stone, shop_coins,
          shop, shop, grunt_decor_mini_mirrors, minmay_misc_feat_more_columns,
          minmay_misc_feat_ornament, lightli_church_of_beogh, uniq_duvessa,
          uniq_edmund
Temple:   nicolae_temple_hex_pool

Skill      XL: |  1  2  3  4  5  6  7 |
---------------+----------------------+-----
Ranged Weapons | 3 4 5 6 |  6.8
Fighting       | 2 3 5 |  5.0
Armour         | 1 2 |  2.3
Dodging        | |  1.5
Spellcasting   | |  1.0
Hexes          | |  2.6

Action                     |  1- 3 |  4- 6 |  7- 9 || total
---------------------------+-------+-------+-------++-------
   Fire: Sling             |   131 |   195 |       ||   326
         Orcbow            |       |    20 |    33 ||    53
    Use: Scroll            |     5 |     6 |       ||    11
         Potion            |     1 |     3 |     1 ||     5
 Armour: Robe              |     8 |       |       ||     8
         Ring mail         |    19 |    92 |    13 ||   124
  Dodge: Dodged            |    39 |    92 |     9 ||   140

Table legend:
 A = Non-vault XP
 B = Vault XP
 C = Vault XP percentage of total XP
 D = Non-vault monster count
 E = Vault monster count
 F = Vault count percentage of total count
                 A         B        C        D         E       F
            +---------+---------+-------+---------+---------+-------
      Total |     803 |     257 |  24.2 |      85 |      10 |  10.5
            +---------+---------+-------+---------+---------+-------
        D:1 |      47 |       0 |   0.0 |      21 |       0 |   0.0
        D:2 |      50 |       0 |   0.0 |      23 |       0 |   0.0
        D:3 |     155 |       7 |   4.3 |      16 |       4 |  20.0
        D:4 |     229 |       8 |   3.4 |      12 |       4 |  25.0
        D:5 |     322 |     242 |  42.9 |      13 |       2 |  13.3
            +---------+---------+-------+---------+---------+-------
